Map: Lightshade LE

Players

souL - Winner!

  • Race: Terran Terran

Lambo

  • Race: Zerg Zerg

Event: DreamHack SC2 Masters 2021 Fall

VOD

Have the link to the VOD?

Description

Time

  • Played on: July 29, 2021, 12:54 p.m.
  • Length: 9:00

All games in this series

Show
View Real Time Build Order
Export as new Build Order

souL Terran - Winner!

Build Orders: Reaper Expand 

Get SALT Encoding   

  12  0:00  SCV  
  13  0:12  SCV  
  14  0:17  Supply Depot  
  14  0:25  SCV  
  15  0:38  SCV  
  15  0:39  Barracks  
  16  0:44  Refinery  
  16  0:51  SCV  
  17  1:03  SCV  
  18  1:16  SCV  
  19  1:27  Reaper  
  19  1:28  Orbital Command  
  20  1:39  Command Center  
  20  1:48  Supply Depot  
  20  1:54  SCV  
  21  1:58  Marine  
  22  2:06  SCV  
  22  2:07  Refinery  
  23  2:18  SCV  
  23  2:21  Barracks Reactor  
  24  2:31  SCV  
  24  2:35  Command Center  
  25  2:47  SCV, Factory  
  26  2:54  Orbital Command  
  26  2:58  Marine x2  
  28  3:03  SCV  
  29  3:10  Refinery  
  29  3:15  Marine, SCV  
  29  3:16  Marine  
  29  3:19  SCV  
  34  3:27  SCV  
  34  3:31  SCV  
  34  3:33  Starport  
  35  3:35  Marine  
  35  3:36  Marine  
  35  3:39  SCV  
  38  3:42  Factory Tech Lab  
  38  3:43  SCV  
  38  3:47  Orbital Command  
  39  3:51  SCV  
  39  3:55  Marine x2, SCV  
  42  4:03  SCV  
  42  4:07  SCV  
  44  4:11  Fusion Core  
  44  4:14  SCV  
  44  4:15  SCV, Starport  
  44  4:16  Marine  
  47  4:18  Starport Tech Lab  
  47  4:19  SCV  
  48  4:26  Marine, SCV  
  48  4:27  Supply Depot  
  48  4:28  Supply Depot  
  48  4:29  SCV  
  51  4:31  SCV  
  54  4:38  SCV  
  54  4:41  SCV  
  54  4:44  SCV  
  56  4:51  Barracks Tech Lab  
  56  4:59  Battlecruiser x2  
  67  5:01  SCV x2  
  69  5:09  Refinery  
  69  5:10  Barracks  
  69  5:12  Supply Depot  
  69  5:13  Stimpack  
  69  5:15  Factory Tech Lab  
  69  5:17  SCV  
  69  5:21  Supply Depot  
  71  5:23  Supply Depot  
  70  5:35  Siege Tank  
  73  5:38  Barracks  
  73  5:39  Orbital Command  
  73  5:41  Barracks  
  74  5:42  SCV  
  74  5:43  SCV  
  74  5:45  Barracks  
  74  5:46  Engineering Bay  
  74  5:47  Engineering Bay  
  75  5:53  Supply Depot  
  75  5:54  Marine  
  75  5:55  SCV x2  
  78  6:02  Marine  
  78  6:03  Marine  
  79  6:06  SCV  
  79  6:07  SCV x2, Siege Tank  
  85  6:12  Bunker  
  85  6:14  Terran Infantry Weapons Level 1  
  85  6:16  Marine  
  86  6:20  Marine x2  
  86  6:21  SCV  
  91  6:29  Barracks Reactor x2  
  91  6:31  Supply Depot, SCV  
  90  6:34  Marine  
  90  6:35  Barracks Reactor, Medivac  
  90  6:36  Medivac  
  90  6:38  Marine x2, SCV  
  90  6:39  Siege Tank  
  101  6:42  Supply Depot  
  101  6:43  Supply Depot  
  101  6:53  Marine, SCV x3  
  105  6:54  Combat Shield  
  105  6:56  Marine x2  
  105  6:58  Refinery  
  105  7:00  Supply Depot  
  107  7:05  SCV x3, Medivac  
  107  7:06  Marine  
  113  7:09  Supply Depot  
  113  7:10  Marine  
  113  7:12  Marine  
  113  7:14  Marine x2  
  117  7:16  Siege Tank  
  117  7:17  Marine, SCV  
  117  7:21  Marine, Medivac  
  117  7:22  Marine x2  
  127  7:24  Marine  
  127  7:28  Marine, Bunker  
  127  7:29  SCV x3  
  132  7:30  Marine  
  132  7:31  Marine  
  132  7:32  Marine, Supply Depot  
  132  7:35  Marine, Medivac  
  138  7:39  Marine x2  
  138  7:41  SCV  
  141  7:47  Marine  
  141  7:49  Marine x2  
  141  7:53  Marine x3, Siege Tank  
  141  7:54  Marine  
  148  7:58  Marine  
  148  8:00  Supply Depot  
  148  8:05  Supply Depot  
  149  8:08  Armory  
  149  8:19  Supply Depot  
  149  8:21  Marine x5  
  149  8:22  Marine x2  
  149  8:26  Medivac, Siege Tank  
  161  8:29  Marine  
  161  8:30  Marine  
  135  8:39  Marine x5  
  135  8:40  Marine x2  
Show
View Real Time Build Order
Export as new Build Order

Lambo Zerg 

Build Orders: Hatch First 

Get SALT Encoding   

  12  0:00  Drone  
  13  0:12  Overlord  
  13  0:16  Drone  
  14  0:30  Drone x2  
  16  0:47  Hatchery  
  15  0:50  Drone  
  15  0:54  Drone  
  17  0:57  Drone  
  18  1:07  Extractor  
  17  1:12  Spawning Pool  
  17  1:15  Drone  
  18  1:18  Drone  
  18  1:27  Drone  
  19  1:38  Drone  
  20  1:49  Overlord  
  20  1:59  Queen x2, Zergling x2  
  20  2:00  Zergling x2  
  26  2:07  Metabolic Boost  
  26  2:10  Drone  
  26  2:11  Drone  
  28  2:21  Drone x2  
  30  2:33  Hatchery  
  28  2:43  Drone x2  
  30  2:44  Drone  
  30  2:47  Queen  
  33  2:54  Zergling x2  
  34  2:59  Drone  
  34  3:01  Overlord  
  35  3:06  Overlord  
  35  3:21  Drone x5  
  35  3:25  Drone x2  
  42  3:31  Queen  
  44  3:35  Drone  
  44  3:39  Queen  
  44  3:41  Overlord  
  47  3:45  Drone  
  47  3:47  Drone  
  49  3:56  Drone x5  
  49  3:57  Queen  
  56  4:03  Drone x2  
  56  4:08  Drone  
  56  4:09  Drone  
  60  4:10  Overlord  
  60  4:11  Zergling x4  
  60  4:15  Extractor  
  61  4:17  Queen  
  61  4:18  Baneling Nest  
  61  4:19  Evolution Chamber  
  61  4:21  Drone x3  
  64  4:25  Drone  
  64  4:28  Queen  
  67  4:31  Drone x2  
  67  4:36  Zergling x2  
  70  4:41  Zergling x6  
  70  4:43  Overlord  
  70  4:44  Zergling x2  
  74  4:47  Overlord  
  74  4:50  Overlord  
  74  4:57  Zerg Ground Armor Level 1  
  74  4:59  Overlord  
  74  5:02  Drone  
  74  5:03  Drone x5  
  80  5:09  Zergling x2  
  80  5:10  Zergling x6  
  80  5:12  Drone  
  85  5:16  Extractor, Evolution Chamber  
  85  5:17  Hatchery, Drone x2  
  85  5:18  Extractor, Drone x2  
  85  5:25  Drone  
  85  5:26  Drone  
  85  5:27  Lair  
  87  5:29  Zergling x6  
  87  5:32  Drone x2  
  92  5:37  Drone  
  92  5:41  Overlord  
  92  5:42  Overlord  
  93  5:47  Zerg Melee Weapons Level 1  
  93  5:48  Drone x2  
  93  5:49  Zergling x2  
  100  5:50  Zergling x8  
  100  5:53  Zergling x2  
  101  5:57  Zergling x6  
  101  5:59  Queen  
  101  6:01  Overlord  
  106  6:04  Drone  
  106  6:09  Spore Crawler, Hatchery  
  106  6:10  Spore Crawler  
  103  6:11  Spore Crawler  
  103  6:13  Spore Crawler  
  103  6:15  Baneling x2  
  96  6:20  Spore Crawler  
  96  6:22  Spore Crawler  
  88  6:28  Baneling x3  
  88  6:29  Baneling x2  
  87  6:35  Baneling x5  
  86  6:44  Drone x6  
  86  6:46  Drone  
  91  6:54  Drone x4  
  91  6:56  Drone  
  91  7:00  Drone x2  
  93  7:02  Drone  
  93  7:03  Drone  
  93  7:07  Drone x3  
  98  7:10  Queen  
  98  7:14  Drone x2  
  102  7:15  Spore Crawler  
  102  7:16  Drone x2  
  102  7:18  Drone x2  
  105  7:22  Centrifical Hooks  
  105  7:25  Drone x2  
  107  7:32  Drone x3  
  107  7:33  Drone x3  
  107  7:34  Queen  
  115  7:39  Zergling x6  
  115  7:43  Overlord  
  118  7:50  Drone x2  
  118  7:56  Overlord  
  118  7:57  Overlord  
  118  7:59  Extractor  
  118  8:01  Queen x3, Overlord  
  118  8:02  Spore Crawler  
  118  8:03  Hatchery  
  118  8:06  Zergling x12  
  118  8:08  Baneling x5  
  126  8:13  Overlord  
  126  8:16  Zergling x18  
  135  8:25  Zergling x14  
  134  8:28  Zergling x6  
  134  8:33  Zergling x8  
  114  8:35  Baneling x6  
  114  8:36  Zergling x4  
  114  8:38  Zergling x2  
  118  8:41  Zergling x8  

Tags
 
Add a new tag
Caveats
  • Supply blocks, unpowered buildings, or Contaminate may cause inaccurate times.
  • Supply counts are checked every 10 seconds.